 Dungeon Crawl Stone Soup version 0.29-a0-870-g2c972031a6 (webtiles) character file.

Game seed: 3859386278807856879

62 jimonade the Insei (level 4, -1/28 HPs)
             Began as an Octopode Transmuter on July 18, 2022.
             Slain by a jelly (2 damage)
             ... on level 4 of the Dungeon.
             The game lasted 00:04:25 (3150 turns).

jimonade the Insei (Octopode Transmuter)            Turns: 3150, Time: 00:04:25

Health: -1/28      AC: -3    Str: 11    XL:     4   Next: 8%
Magic:  6/7        EV: 13    Int: 15    God:
Gold:   168        SH:  5    Dex: 12    Spells: 7/8 levels left

rFire   . . .      SeeInvis .     - Unarmed
rCold   . . .      Faith    .   (no shield)
rNeg    . . .      Spirit   .   (helmet currently unavailable)
rPois   .          Reflect  +   r - amulet of reflection
rElec   .          Harm     .   (no ring)
rCorr   .          Rampage  .   (no ring)
Will    .....                   (no ring)
Stlth   ++........              (no ring)
HPRegen 0.09/turn               (no ring)
MPRegen 0.10/turn               (no ring)
                                (no ring)
                                (no ring)

@: appendages, corroded
A: tentacle spike 3, almost no armour, amphibious, 8 rings, camouflage 1,
gelatinous body 1, (nimble swimmer 1), tentacles
a: End Transformation


You were on level 4 of the Dungeon.
One of your tentacles had grown a beastly spike.
You visited 1 branch of the dungeon, and saw 4 of its levels.

You collected 168 gold pieces.

Inventory:

Missiles
 e - 3 curare-tipped darts
 m - 5 poisoned darts
 u - 14 stones
Armour
 g - a +0 buckler
Jewellery
 r - an amulet of reflection (around mantle)
Scrolls
 b - 2 scrolls of blinking {unknown}
 c - a scroll of fear {unknown}
 h - 4 scrolls of identify {unknown}
 i - 2 scrolls of enchant armour {unknown}
 j - 2 scrolls of teleportation {unknown}
 n - a scroll of poison {unknown}
 p - a scroll of acquirement {unknown}
 q - a scroll of brand weapon {unknown}
Potions
 a - a potion of lignification
 d - 2 potions of haste {unknown}
 f - a potion of brilliance {unknown}
 k - a potion of berserk rage {unknown}
 l - a potion of flight {unknown}
 o - a potion of mutation {unknown}
 s - 2 potions of curing {unknown}
 t - 2 potions of might {unknown}
 v - a potion of heal wounds {unknown}


   Skills:
 + Level 1.0 Fighting
 + Level 2.3 Dodging
 + Level 3.9 Unarmed Combat
 + Level 2.5 Spellcasting
 + Level 2.4 Transmutations


You had 7 spell levels left.
You knew the following spells:

 Your Spells              Type           Power      Damage    Failure   Level
a - Beastly Appendage     Tmut           18%        N/A       8%          1

Your spell library contained the following spells:

 Spells                   Type           Power      Damage    Failure   Level
 Wereblood                Tmut           9%         N/A       12%         2
 Static Discharge         Conj/Air       1%         3-4/arc   32%         2
 Spider Form              Tmut/Pois      5%         N/A       36%         3
 Call Canine Familiar     Summ           1%         N/A       54%         3
 Portal Projectile        Hex/Tloc       2%         N/A       54%         3
 Ice Form                 Ice/Tmut       5%         N/A       77%         4
 Leda's Liquefaction      Hex/Erth       0%         N/A       91%         4
 Lightning Bolt           Conj/Air       0%         1d11      99%         5
 Maxwell's Capacitive Co  Air            0%         ∞         100%        8


Dungeon Overview and Level Annotations

Branches:
Dungeon (4/15)
 Temple: D:4-7

Altars:

Shops:
D:4 ?


Innate Abilities, Weirdness & Mutations

One of your tentacles has grown a beastly spike.
You cannot wear most types of armour.
You are amphibious.
You can wear up to eight rings at the same time.
Your skin changes colour to match your surroundings (Stealth+).
Your rubbery body absorbs attacks. (AC +1, EV +1)
((You are camouflaged when in or above water. (Stealth+)))
You have tentacles for arms and can constrict up to eight enemies at once.


Message History

Your transformation is almost over.
A kobold comes into view. It is wielding a +0 short sword.
Found a stone staircase leading up.
The kobold shouts!
The jelly quivers.
An orc comes into view. It is wielding a +0 club.
The jelly hits you. The acid corrodes you!
You are splashed with acid!
An orc comes into view. It is wielding a +0 trident.
The orc shouts! x2
You tentacle-slap the jelly.
Your tentacles burn!
The jelly is moderately wounded.
You hear a shout!
You are too injured to fight recklessly!
You are too injured to fight recklessly!
The jelly attacks as you move away! You block the jelly's attack.
The jelly attacks as you move away! You block the jelly's attack.
The jelly attacks as you move away! The jelly barely misses you.
Your tentacle spike disappears.
You are too injured to fight recklessly!
You are too injured to fight recklessly!
You are too injured to fight recklessly!
You are too injured to fight recklessly!
You are too injured to fight recklessly!
Unknown command.
Casting: Beastly Appendage (safe; 8% risk of failure)
Press: ? - help, Q - select action, (/) - cycle Dir - look around, f - activate One of your tentacles grows a vicious spike.
The jelly hits you.
You are splashed with acid!
* * * LOW HITPOINT WARNING * * *
You are too injured to fight recklessly!
Unknown command.
You tentacle-slap the jelly.
Your tentacles burn!
* * * LOW HITPOINT WARNING * * *
You pierce the jelly.
The jelly is heavily wounded.
The jelly closely misses you.
You completely miss the jelly.
You pierce the jelly.
The jelly is severely wounded.
The jelly hits you.
You die...

... #.............
.... #.............
.....#.............
....#.............
..................
...#..o..........
#.............
#####K............
#..@J.............
#.###.............
#.# #............
#####.###...........
.
#......##..........
..
#......##########.#
.# #......#... #.#
.# #......#.....#
#.##.#
#......#.....#
#....#


You could see a jelly, an orc and a kobold.

Vanquished Creatures
  A worm (D:2)
  A dart slug (D:3)
  An orc (D:3)
  11 ball pythons
  5 endoplasms
  A giant cockroach (D:1)
  6 goblins
  5 hobgoblins
  3 quokkas
  6 bats
  A frilled lizard (D:2)
  4 kobolds
  3 rats
48 creatures vanquished.

Notes
Turn   | Place    | Note
-------+----------+-------------------------------------------
     0 | D:1      | jimonade the Octopode Transmuter began the quest for the
                  | Orb.
     0 | D:1      | Reached XP level 1. HP: 13/13 MP: 3/3
   412 | D:1      | Reached XP level 2. HP: 11/18 MP: 3/5
  1344 | D:1      | Found a faded altar of an unknown god.
  1619 | D:2      | Reached XP level 3. HP: 19/23 MP: 4/6
  2695 | D:3      | Reached XP level 4. HP: 28/28 MP: 5/7
  3069 | D:4      | Found Kium's Magic Scroll Shoppe.
  3149 | D:4      | HP: 1/28 [acid (5)]
  3150 | D:4      | Slain by a jelly

Illustrated notes

Levels and vault maps discovered:
D:1:      heliophobic_arrival_henge, layout_loops_corners,
          dreamdust_ecumenical_altar_sealed_demon, minmay_misc_feat_rugged,
          minivault_26, minmay_octomino_j4
D:2:      layout_loops_cross
D:3:      layout_loops_ring, corner_web_ring
D:4:      layout_basic, ebering_ghost_sewer_f, serial_shops, shop_fountains,
          shop, shop, nicolae_shop_waterfront, shop

Action                   |  1- 3 |  4- 6 || total
-------------------------+-------+-------++-------
Melee: Unarmed           |    89 |     8 ||    97
       Tentacles         |    13 |       ||    13
       Kick              |    15 |     3 ||    18
       Constrict         |    16 |     1 ||    17
       Punch             |     3 |       ||     3
 Cast: Beastly Appendage |    30 |     6 ||    36
 Stab: Sleeping          |     8 |     1 ||     9
Armor: Skin              |    14 |       ||    14
Dodge: Dodged            |    66 |     3 ||    69
Block: Other             |       |     2 ||     2

Table legend: (Time is in decaauts)
 A = Elapsed time spent in this place.
 B = Non-inter-level travel time spent in this place.
 C = Inter-level travel time spent in this place.
 D = Time resting spent in this place.
 E = Time spent auto-exploring this place.
 F = Levels seen in this place.
 G = Mean time per level.
                   A        B        C        D        E       F      G
               +--------+--------+--------+--------+--------+-----+--------+
         Total |   3142 |   3030 |    112 |     15 |   2557 |   4 |  785.5 |
       Dungeon |   3142 |   3030 |    112 |     15 |   2557 |   4 |  785.5 |
               +--------+--------+--------+--------+--------+-----+--------+

Top non-repeatable levels by time:
     D:1: 1382 daAuts
     D:3: 942 daAuts
     D:2: 736 daAuts
     D:4: 80 daAuts
